AoeStats
← Gpa

Lombardia

510121669Analyzed
2v2 RM · 3d ago on Sep 29, 2026· 51m 3s· 4 players
Game mode
Random Map
Map size
Medium (4 player)
Population
200
Speed
Normal
Resources
Standard
Victory
Conquest
Starting age
Dark Age
Ending age
Imperial Age
RankedLock teamsTeams togetherTeam positionsShared explorationLock speedFull tech treeHidden civsTurbo modeCheats
Victory
Defeat
🇫🇷 Magyars · France
1195
+18
🇫🇷 Saxons · France
1194
+18
🇦🇷 Mongols · Argentina
1261
-18
🇦🇷 Berbers · Argentina
1225
-18
coco le bonobo
8:54 Feudal Age
7:59 Loom
9:25 Double-Bit Axe
17:03 Scale Barding Armor
19:56 Castle Age
18:30 Bloodlines
20:18 Gold Mining
20:10 Horse Collar
20:06 Light Cavalry
20:49 Husbandry
23:27 Wheelbarrow
23:48 Bow Saw
28:12 Chain Barding Armor
28:55 Hand Cart
29:03 Town Watch
29:29 Heavy Plow
37:11 Imperial Age
37:57 Stone Mining
39:09 Two-Man Saw
38:41 Crop Rotation
37:48 Cavalier
39:12 Plate Barding Armor
39:00 Town Patrol
39:39 Gold Shaft Mining
42:20 Chemistry
41:18 Fletching
41:35 Paladin
43:44 Thumb Ring
43:00 Heavy Cavalry Archer
44:04 Bodkin Arrow
44:10 Padded Archer Armor
47:18 Bracer
47:34 Leather Archer Armor
47:32 Masonry
49:55 Parthian Tactics
51:00 Recurve Bow
51:36 Ring Archer Armor
Gpa
9:08 Feudal Age
11:11 Double-Bit Axe
14:55 Fletching
20:06 Castle Age
18:58 Horse Collar
19:37 Padded Archer Armor
20:12 Crossbowman
21:26 Bow Saw
21:45 Gold Mining
23:14 Loom
23:33 Bodkin Arrow
25:20 Heavy Plow
25:57 Ballistics
27:46 Wheelbarrow
29:37 Gold Shaft Mining
29:14 Clerical Recruitment
32:27 Hand Cart
36:27 Imperial Age
35:05 Thumb Ring
35:47 Leather Archer Armor
35:33 Scale Mail Armor
35:43 Forging
35:38 Squires
36:41 Sanctity
37:21 Siege Engineers
37:23 Arbalester
38:00 Capped Ram
39:13 Crop Rotation
40:24 Chemistry
39:28 Bracer
40:48 Two-Man Saw
41:51 Ring Archer Armor
42:36 Siege Ram
44:41 Iron Casting
44:21 Chain Mail Armor
46:01 Conscription
49:36 Plate Mail Armor
AoG_Lotsen
7:20 Loom
12:27 Feudal Age
19:44 Forging
20:04 Scale Barding Armor
21:36 Double-Bit Axe
21:32 Horse Collar
23:48 Bloodlines
27:59 Castle Age
26:29 Stone Mining
27:33 Gold Mining
29:07 Thumb Ring
29:26 Husbandry
30:12 Iron Casting
30:22 Bow Saw
36:31 Ballistics
36:47 Fletching
40:46 Imperial Age
39:42 Wheelbarrow
39:29 Heavy Plow
40:20 Masonry
40:31 Bodkin Arrow
41:26 Fortified Wall
41:36 Hand Cart
41:06 Town Watch
42:41 Conscription
42:35 Light Cavalry
48:39 Padded Archer Armor
49:03 Chain Barding Armor
AoG_Fernecito
6:25 Loom
10:18 Feudal Age
11:09 Double-Bit Axe
11:45 Horse Collar
13:19 Forging
18:08 Fletching
18:40 Bloodlines
24:47 Castle Age
23:58 Wheelbarrow
23:09 Town Watch
27:22 Stone Mining
28:05 Bodkin Arrow
28:11 Padded Archer Armor
29:37 Hand Cart
29:22 Town Patrol
30:13 Thumb Ring
31:22 Bow Saw
33:58 Leather Archer Armor
34:09 Husbandry
35:22 Scale Barding Armor
36:15 Iron Casting
39:41 Imperial Age
39:19 Chain Barding Armor
40:12 Kasbah
41:35 Bracer
42:05 Ring Archer Armor
43:40 Caravan
46:02 Plate Barding Armor
46:53 Chemistry
46:36 Conscription
46:07 Elite Genitour
48:56 Blast Furnace
47:41 Light Cavalry
48:46 Kasbah
Connection lost

Rejoining the realm…

Still unreachable

The connection could not be restored.

Session expired

The server has moved on; the page needs a fresh start.